 Dungeon Crawl Stone Soup version 0.31-a0-180-g519b7de00c (webtiles) character file.

Game seed: 7386321916740833653

109 Maxmaps the Shooter (level 4, -2/32 HPs)
             Began as a Demonspawn Hexslinger on June 19, 2023.
             Slain by a worm (9 damage)
             ... on level 3 of the Dungeon.
             The game lasted 00:02:12 (2239 turns).

Maxmaps the Shooter (Demonspawn Hexslinger)         Turns: 2239, Time: 00:02:12

Health: -2/32      AC: 10    Str:  9    XL:     4   Next: 60%
Magic:  5/5        EV: 10    Int: 16    God:
Gold:   97         SH:  0    Dex: 15    Spells: 4/5 levels left

rFire   + . .        a - +1 sling
rCold   + . .        (no shield)
rNeg    . . .        n - +0 ring mail
rPois   .            (no helmet)
rElec   .            l - scarf {rC+ rF+}
rCorr   .            g - +2 pair of gloves
SInv    .            (no boots)
Will    .....        (no amulet)
Stlth   +            (no ring)
HPRegen 0.25/turn    (no ring)
MPRegen 0.09/turn

%: no passive effects
@: no status effects
A: sharp scales 2, demonic touch 1
a: no special abilities


You were on level 3 of the Dungeon.
You visited 1 branch of the dungeon, and saw 3 of its levels.

You collected 97 gold pieces.

Inventory:

Hand Weapons
 a - a +1 sling (weapon)
Armour
 c - a +0 robe
 g - a +2 pair of gloves (worn)
 k - a +1 pair of gloves of hurling
 l - a scarf of resistance (worn)
 n - a +0 ring mail (worn)
Scrolls
 b - a scroll of poison
 h - 2 scrolls of identify {unknown}
 m - a scroll of enchant armour {unknown}
Potions
 d - a potion of heal wounds {unknown}
 e - a potion of brilliance {unknown}
 f - 2 potions of haste {unknown}
 i - a potion of curing {unknown}
 j - 2 potions of mutation {unknown}


   Skills:
 - Level 1.0 Fighting
 + Level 4.4 Ranged Weapons
 - Level 1.7 Dodging
 - Level 1.0 Spellcasting
 - Level 3.0 Hexes


You had 4 spell levels left.
You knew the following spells:

 Your Spells              Type           Power      Damage    Failure   Level
a - Slow                  Hex            40%        N/A       19%         1

Your spell library contained the following spells:

 Spells                   Type           Power      Damage    Failure   Level
 Poisonous Vapours        Pois/Air       0%         N/A       67%         2
 Inner Flame              Hex/Fire       5%         N/A       71%         3
 Portal Projectile        Hex/Tloc       10%        N/A       71%         3
 Mephitic Cloud           Conj/Pois/Air  0%         N/A       88%         3
 Cause Fear               Hex            5%         N/A       88%         4
 Freezing Cloud           Conj/Ice/Air   0%         6-21      100%        5


Dungeon Overview and Level Annotations

Branches:
Dungeon (3/15)

Altars:
Trog


Innate Abilities, Weirdness & Mutations

You are mostly covered in razor-sharp scales. (AC +2, Slay +2)
Your touch may inflict minor irresistible damage on your foes.


Message History

You shoot a sling bullet. The sling bullet hits the worm.
The worm is lightly wounded.
The worm bites you but does no damage.
You shoot a sling bullet. The sling bullet hits the worm.
The worm is lightly wounded.
The worm bites you.
You are too injured to fight recklessly!
You are too injured to fight recklessly!
You are too injured to fight recklessly!
You are too injured to fight recklessly!
You are too injured to fight recklessly!
You are too injured to fight recklessly!
You are too injured to fight recklessly!
You are too injured to fight recklessly!
You are too injured to fight recklessly!
You are too injured to fight recklessly!
You are too injured to fight recklessly!
You are too injured to fight recklessly!
You are too injured to fight recklessly!
You are too injured to fight recklessly!
You are too injured to fight recklessly!
You are too injured to fight recklessly!
You are too injured to fight recklessly!
You are too injured to fight recklessly!
You are too injured to fight recklessly!
You are too injured to fight recklessly!
You are too injured to fight recklessly!
You are too injured to fight recklessly!
You are too injured to fight recklessly!
You are too injured to fight recklessly!
You shoot a sling bullet. The sling bullet hits the worm!
The worm is heavily wounded.
The worm bites you!
* * * LOW HITPOINT WARNING * * *
You shoot a sling bullet. The sling bullet hits the worm.
The worm is severely wounded.
You shoot a sling bullet. The sling bullet hits the worm.
The worm is almost dead.
The worm bites you!
You die...

#..#######........ .##...~~~~~~P
...#######...).....
......~~~~~~P
##.......#........##.##..
♣~~PP~~
#######.............##...##~~~~P
##.#######.#...#.#.###♣~♣♣
#.######..............♣P♣
#...........†....#...##..
######.†w........###.###.
#...@........ #.<# .
#.##......... ##.# .
####.####....... ....
#...w...##...... ......
#.........##..... .......
#...........##.##.....##♣♣
#....###....# ..#.###.
#...##y##w..# ... ..
#....###....#


You could see a worm.

Vanquished Creatures
  A hound (D:3)
  An adder (D:2)
  2 worms (D:3)
  3 dart slugs
  5 orcs (D:3)
  6 bats
  5 endoplasms
  A giant cockroach (D:2)
  4 hobgoblins
  2 jackals (D:2)
  5 kobolds
  3 quokkas
  6 ball pythons
  4 frilled lizards
  7 rats
55 creatures vanquished.

Notes
Turn   | Place    | Note
-------+----------+-------------------------------------------
     0 | D:1      | Maxmaps the Demonspawn Hexslinger began the quest for the
                  | Orb.
     0 | D:1      | Reached XP level 1. HP: 15/15 MP: 2/2
    16 | D:1      | Reached skill level 2 in Ranged Weapons
   293 | D:1      | Gained mutation: You are partially covered in razor-sharp
                  | scales. (AC +1, Slay +1) [demonic ancestry]
   293 | D:1      | Reached XP level 2. HP: 21/21 MP: 3/3
   949 | D:2      | Reached skill level 3 in Ranged Weapons
   963 | D:2      | Gained mutation: Your touch may inflict minor irresistible
                  | damage on your foes. [demonic ancestry]
   963 | D:2      | Reached XP level 3. HP: 14/26 MP: 4/4
  1417 | D:2      | Found a faded altar of an unknown god.
  1949 | D:3      | Reached skill level 4 in Ranged Weapons
  1949 | D:3      | Gained mutation: You are mostly covered in razor-sharp
                  | scales. (AC +2, Slay +2) [demonic ancestry]
  1949 | D:3      | Reached XP level 4. HP: 17/32 MP: 5/5
  2204 | D:3      | Noticed a moth of wrath
  2207 | D:3      | Found a bloodstained altar of Trog.
  2239 | D:3      | Slain by a worm

Illustrated notes

Levels and vault maps discovered:
D:1:      dpeg_arrival_simpleton_b, layout_basic
D:2:      layout_basic, nicolae_ecumenical_lake_church,
          amcnicky_mini_rare_corridor_liquid
D:3:      layout_rooms, tgw_trog, serial_bayou, serial_bayou_shore_a,
          serial_bayou_pond_b, serial_bayou_lake_a, serial_bayou_ford_a

Skill      XL: |  1  2  3 |
---------------+----------+-----
Ranged Weapons | 2 3 4 |  4.4
Fighting       | |  1.0
Dodging        | |  1.7
Spellcasting   | |  1.0
Hexes          | |  3.0

Action                     |  1- 3 |  4- 6 || total
---------------------------+-------+-------++-------
   Fire: Sling             |   135 |    60 ||   195
 Armour: Robe              |     8 |       ||     8
         Ring mail         |    24 |    23 ||    47
  Dodge: Dodged            |    42 |    26 ||    68

Table legend: (Time is in decaauts)
 A = Elapsed time spent in this place.
 B = Non-inter-level travel time spent in this place.
 C = Inter-level travel time spent in this place.
 D = Time resting spent in this place.
 E = Time spent auto-exploring this place.
 F = Levels seen in this place.
 G = Mean time per level.
                   A        B        C        D        E       F      G
               +--------+--------+--------+--------+--------+-----+--------+
         Total |   2321 |   2147 |    174 |     72 |   1683 |   3 |  773.7 |
       Dungeon |   2321 |   2147 |    174 |     72 |   1683 |   3 |  773.7 |
               +--------+--------+--------+--------+--------+-----+--------+

Top non-repeatable levels by time:
     D:2: 1119 daAuts
     D:1: 793 daAuts
     D:3: 408 daAuts
